 Dungeon Crawl Stone Soup version 0.30.1-9-gdf580d7c3d (webtiles) character file.

Game seed: 3051891014358620107

8927 eliilek the Warrior (level 11, -6/116 HPs)
             Began as a Minotaur Berserker on Oct 7, 2023.
             Was a High Priest of Trog.
             Mangled by an orc warlord
             ... wielding a +2 dire flail of holy wrath
              (20 damage)
             ... on level 9 of the Dungeon on Oct 8, 2023.
             The game lasted 00:25:36 (10138 turns).

eliilek the Warrior (Minotaur Berserker)           Turns: 10138, Time: 00:25:37

Health: -6/116     AC: 14    Str: 24    XL:     11   Next: 16%
Magic:  10/10      EV:  9    Int:  4    God:    Trog [*****.]
Gold:   461        SH:  0    Dex: 12    Spells: 10/10 levels left

rFire   . . .        a - +2 flail (heavy)
rCold   . . .        (no shield)
rNeg    . . .        J - +1 chain mail {rPois}
rPois   +            I - +0 hat {SInv}
rElec   .            C - +0 cloak
rCorr   .            (no gloves)
SInv    +            F - +2 pair of boots {Fly}
Will    .....        (no amulet) Stlth
                     (no ring)
HPRegen 0.39/turn    (no ring)
MPRegen 0.12/turn

%: no passive effects
@: mighty, flying, studying Maces & Flails
A: horns 2, retaliatory headbutt
a: Renounce Religion, Berserk, Trog's Hand, Brothers in Arms


You were on level 9 of the Dungeon.
You worshipped Trog.
Trog was extremely pleased with you.
You visited 2 branches of the dungeon, and saw 10 of its levels.

You collected 676 gold pieces.
You spent 215 gold pieces at shops.

Inventory:

Hand Weapons
 a - a +2 heavy flail (weapon)
Missiles
 b - a curare-tipped dart
 n - a throwing net (quivered)
 u - 37 poisoned darts
Armour
 C - a +0 cloak (worn)
 F - a +2 pair of boots of flying (worn)
 I - a +0 hat of see invisible (worn)
 J - a +1 chain mail of poison resistance (worn)
Wands
 k - a wand of polymorph (7)
 l - a wand of digging (3)
 q - a wand of quicksilver (11)
 s - a wand of paralysis (29)
 D - a wand of flame (32)
Scrolls
 c - 6 scrolls of teleportation
 d - a scroll of immolation {unknown}
 e - a scroll of identify
 f - a scroll of fear {unknown}
 h - 3 scrolls of blinking
 j - 2 scrolls of amnesia {unknown}
 w - 2 scrolls of enchant armour {unknown}
 x - 4 scrolls of fog {unknown}
 y - 2 scrolls of poison {unknown}
 B - 2 scrolls of enchant weapon {unknown}
 G - a scroll of brand weapon {unknown}
 K - a scroll of magic mapping {unknown}
 L - a scroll of torment {unknown}
Potions
 g - a potion of heal wounds
 i - 4 potions of curing
 m - 4 potions of mutation
 o - 5 potions of ambrosia
 p - a potion of magic {unknown}
 r - 3 potions of might
 t - 4 potions of degeneration {unknown}
 v - a potion of lignification {unknown}
 z - a potion of invisibility {unknown}
 A - 2 potions of brilliance {unknown}
 E - 2 potions of flight {unknown}
 H - 2 potions of attraction {unknown}


   Skills:
 + Level 16.8 Fighting
 - Level 14.0 Maces & Flails
 - Level 2.4 Armour
 - Level 2.1 Dodging


You had 10 spell levels left.
You didn't know any spells.
Your spell library was empty.

Dungeon Overview and Level Annotations

Branches:
Dungeon (9/15)             Temple (0/1) D:5             Orc (1/2) D:9
   Lair: D:8-11

Altars:
Ashenzari
Cheibriados
Dithmenos
Elyvilon
Fedhas
Gozag
Kikubaaqudgha
Makhleb
Nemelex Xobeh
Okawaru
Qazlal
Sif Muna
Uskayaw
Vehumet
Xom
Yredelemnul

Shops:
D:1 [   D:5 :


Innate Abilities, Weirdness & Mutations

You have a pair of horns on your head.
You reflexively headbutt those who attack you in melee.


Message History

You barely miss the warg. You headbutt the warg.
You kill the warg!
Trog accepts your kill.
The orc warlord hits you with a +2 dire flail of holy wrath!!
The warg bites you but does no damage.
You barely miss the warg. Your headbutt misses the warg. The warg bites you!
The orc warlord barely misses you.
You hit the warg.
The warg is lightly wounded.
The warg closely misses you. You furiously retaliate!
You headbutt the warg. The orc warlord barely misses you.
The warg bites you but does no damage.
You hit the warg.
The warg is lightly wounded.
The orc warlord hits you with a +2 dire flail of holy wrath.
The warg closely misses you.
You sock the warg!
The warg is severely wounded.
The warg bites you but does no damage. The orc warlord barely misses you.
You furiously retaliate!
You headbutt the orc warlord! The warg bites you but does no damage.
The orc warlord hits you but does no damage.
You bludgeon the warg!!
You kill the warg!
Trog accepts your kill.
The orc warlord hits you with a +2 dire flail of holy wrath!
* * * LOW HITPOINT WARNING * * *
You feel much better.
The orc warlord hits you with a +2 dire flail of holy wrath!
* * * LOW HITPOINT WARNING * * *
You hit the orc warlord.
The orc warlord is lightly wounded.
The orc warlord hits you with a +2 dire flail of holy wrath!!
* * * LOW HITPOINT WARNING * * *
You completely miss the orc warlord. You headbutt the orc warlord.
The orc warlord is lightly wounded.
The orc warlord hits you but does no damage.
You pound the orc warlord like an anvil!!!
The orc warlord is heavily wounded.
The orc warlord hits you with a +2 dire flail of holy wrath!!
You die...

### #...............#
'.## #...####...####.#
#..### #...#....8....#.#
##...###...#.........#.#
###..##...#.........#.#
##......#.........#.#
### ###................#
..# #................#
..######....8..†@o..8..#
......†.>.............##
....####..............#
~.~.~# #...#.........##
~~.~≈###...#.........#
~~_≈≈##(...#.........#
..~~~##....#....8....#
.....##....####...####
..#####..........##


You could see an orc warlord.

Vanquished Creatures
  Gastronok (D:8)
  A tengu conjurer (D:8)
  2 trolls
  A hornet (D:9)
  A shadow (D:9)
  7 yaks (D:9)
  A wyvern (D:7)
  A steam dragon (D:9)
  Edmund (D:5)
  3 wargs
  An acid dragon (D:6)
  3 water moccasins (D:6)
  5 orc warriors
  4 ice beasts
  A black bear (D:5)
  An ogre (D:5)
  2 centaurs
  5 phantoms
  3 bullfrogs
  2 kobold brigands
  3 scorpions
  10 wights
  A troll zombie (D:9)
  3 killer bees (D:9)
  3 howler monkeys (D:9)
  4 jellies
  7 orc priests
  A gnoll bouda (D:8)
  8 hounds
  3 sleepcaps
  Terence (D:2)
  Natasha (twice) (D:2)
  6 iguanas
  9 orc wizards
  6 ogre zombies (D:9)
  Robin (D:2)
  11 gnolls
  6 adders
  A white imp (D:6)
  A worm (D:3)
  4 dart slugs
  24 orcs
  4 bats
  7 endoplasms
  4 giant cockroaches
  14 goblins
  13 hobgoblins
  5 jackals
  17 kobolds
  4 quokkas
  7 ball pythons
  3 frilled lizards
  A goblin skeleton (D:9)
  4 goblin zombies (D:9)
  A hobgoblin skeleton (D:9)
  2 hobgoblin zombies (D:9)
  2 orc skeletons (D:9)
  14 orc zombies (D:9)
  2 rats
  A spectral orc (D:6)
266 creatures vanquished.

Vanquished Creatures (collateral kills)
  A troll (Orc:1)
  A troll zombie (D:9)
  An orc zombie (D:9)
3 creatures vanquished.

Grand Total: 269 creatures vanquished

Notes
Turn   | Place    | Note
-------+----------+-------------------------------------------
     0 | D:1      | eliilek the Minotaur Berserker began the quest for the Orb.
     0 | D:1      | Reached XP level 1. HP: 19/19 MP: 0/0
   169 | D:1      | Found Ekhem's Armour Shop.
   194 | D:1      | Reached XP level 2. HP: 27/27 MP: 1/1
   321 | D:1      | Reached skill level 4 in Fighting
   714 | D:2      | Reached XP level 3. HP: 33/33 MP: 2/2
   737 | D:2      | Noticed Robin
   750 | D:2      | Killed Robin
   751 | D:2      | Reached skill level 5 in Maces & Flails
   752 | D:2      | Reached ** piety under Trog
   840 | D:2      | Reached XP level 4. HP: 32/41 MP: 3/3
   873 | D:2      | Noticed Terence
   882 | D:2      | Killed Terence
  1008 | D:2      | Reached skill level 5 in Fighting
  1008 | D:2      | Reached XP level 5. HP: 29/48 MP: 4/4
  1288 | D:2      | Noticed Natasha
  1298 | D:2      | Killed Natasha
  1489 | D:2      | Noticed Natasha
  1495 | D:2      | Killed Natasha
  2322 | D:3      | Found a faded altar of an unknown god.
  2353 | D:3      | Found a shimmering altar of Xom.
  2538 | D:3      | Reached *** piety under Trog
  2544 | D:3      | Reached XP level 6. HP: 51/56 MP: 5/5
  2858 | D:4      | Reached skill level 6 in Fighting
  2984 | D:4      | Reached XP level 7. HP: 63/63 MP: 6/6
  3115 | D:4      | Found a snail-covered altar of Cheibriados.
  3710 | D:5      | Entered Level 5 of the Dungeon
  3735 | D:5      | Found Ecim's Book Shop.
  3867 | D:5      | Reached skill level 7 in Fighting
  4036 | D:5      | Reached XP level 8. HP: 68/73 MP: 7/7
  4133 | D:5      | Reached skill level 10 in Maces & Flails
  4487 | D:5      | Found a staircase to the Ecumenical Temple.
  4496 | D:5      | Noticed Edmund
  4506 | D:5      | Killed Edmund
  4507 | D:5      | Reached skill level 8 in Fighting
  5214 | D:6      | Found a white marble altar of Elyvilon.
  5217 | D:6      | Reached skill level 9 in Fighting
  5217 | D:6      | Reached XP level 9. HP: 83/83 MP: 8/8
  5536 | D:6      | Found a hide-covered altar of Uskayaw.
  5812 | D:6      | Found a basalt altar of Yredelemnul.
  6124 | D:6      | Found a sparkling altar of Nemelex Xobeh.
  6124 | D:6      | Found a transporter.
  6124 | D:6      | Noticed a troll
  6136 | D:6      | Killed a troll
  6137 | D:6      | Reached skill level 10 in Fighting
  6415 | D:1      | Bought a +2 pair of boots of flying for 215 gold pieces
  6879 | D:7      | Reached skill level 11 in Fighting
  7170 | D:7      | Reached **** piety under Trog
  7405 | D:7      | Found a broken altar of Ashenzari.
  7480 | D:8      | Reached skill level 12 in Fighting
  7551 | D:8      | Noticed Gastronok
  7572 | D:8      | Killed Gastronok
  7573 | D:8      | Reached skill level 13 in Fighting
  7573 | D:8      | Reached XP level 10. HP: 71/101 MP: 9/9
  7663 | D:8      | Identified the +1 chain mail of Avant Garde Knowledge
                  | {Str+4 Slay-3}
  7936 | D:8      | Reached skill level 14 in Fighting
  8424 | D:8      | Found the sphere of Battle
  8543 | D:8      | Found a radiant altar of Vehumet.
  8553 | D:8      | Found an ancient bone altar of Kikubaaqudgha.
  8563 | D:8      | Found a shimmering blue altar of Sif Muna.
  8626 | D:9      | Paralysed by a hornet for 2 turns
  8708 | D:9      | Reached skill level 15 in Fighting
  8853 | D:9      | Found an iron altar of Okawaru.
  8854 | D:9      | Found a stormy altar of Qazlal.
  8854 | D:9      | Found a burning altar of Makhleb.
  8854 | D:9      | Found an opulent altar of Gozag.
  9012 | D:9      | Reached ***** piety under Trog
  9019 | D:9      | Found a staircase to the Orcish Mines.
  9043 | D:9      | Reached skill level 16 in Fighting
  9115 | D:9      | Reached XP level 11. HP: 79/114 MP: 10/10
  9401 | D:9      | Found a shadowy altar of Dithmenos.
  9445 | D:9      | Found a blossoming altar of Fedhas.
  9615 | Orc:1    | Entered Level 1 of the Orcish Mines
  9783 | Orc:1    | Noticed an orc warlord
 10138 | D:9      | Mangled by an orc warlord

Illustrated notes

Levels and vault maps discovered:
D:1:      nzn_arrival_settlement, layout_loops_ring, serial_shops, shop
D:2:      layout_loops_ring, grunt_decor_resistance, uniq_terence, uniq_natasha,
          uniq_robin
D:3:      layout_basic, xom_teletrap_fun, ebering_ecumenical_altar_sacrificial,
          wander_ebering_terrifying_dragon_lair
D:4:      layout_layer_cave, marbit_many_paths
D:5:      layout_basic, minmay_temple_entry_purple_smoke, serial_shops, shop,
          uniq_edmund
D:6:      layout_loops_corners, yredelemnul_forgotten_temple_becter,
          kennysheep_little_box, grunt_nemelex_the_gamble,
          mainiacjoe_overflow_tiny_flanked, kennysheep_minor_cross,
          minivault_26, minmay_manual_mail
D:7:      layout_loops_corners, lemuel_coloured_pillars_altar
D:8:      layout_rooms, palyth_temple_overflow_mages,
          hellmonk_guarded_unrand_sphere_of_battle, uniq_gastronok
D:9:      layout_basic, grunt_dithmenos_shadows,
          chequers_temple_overflow_statue_of_worship, fedhas_altar_2,
          zombieorc2_lemuel
Orc:1:    layout_caves, serial_shops, shop_fountains, minmay_orc_temple_c

Skill      XL: |  1  2  3  4  5  6  7  8  9 10 |
---------------+-------------------------------+-----
Maces & Flails | 4 5 6 7 8 9 12 14 | 14.0
Fighting       | 4 5 6 7 9 13 16 | 16.8
Armour         | |  2.4
Dodging        | |  2.1

Action                     |  1- 3 |  4- 6 |  7- 9 | 10-12 || total
---------------------------+-------+-------+-------+-------++-------
  Melee: Mace              |    78 |     4 |       |       ||    82
         Headbutt          |     6 |    18 |    32 |    31 ||    87
         Punch             |     1 |     1 |     2 |     3 ||     7
         Flail             |       |   110 |   191 |   186 ||   487
 Invoke: Berserk           |     1 |       |     1 |     2 ||     4
         Trog's Hand       |       |     1 |     1 |       ||     2
         Brothers in Arms  |       |       |       |     2 ||     2
    Use: Scroll            |       |       |       |     7 ||     7
         Potion            |       |       |       |     3 ||     3
 Armour: Ring mail         |     5 |       |       |       ||     5
         Chain mail        |    26 |    45 |    55 |    81 ||   207
         Plate armour      |       |       |    33 |     6 ||    39
  Dodge: Dodged            |    32 |    48 |    90 |    99 ||   269
